 Dungeon Crawl Stone Soup version 0.30-a0-305-g026cb31310 (webtiles) character file.

Game seed: 12172014994702104594

7808 Lanoc the Fighter (level 11, -13/89 (90) HPs)
             Began as a Demonspawn Wanderer on Oct 23, 2022.
             Was a Priest of Ru.
             Killed from afar by a gargoyle (28 damage)
             ... with a stone arrow
             ... on level 10 of the Dungeon.
             The game lasted 00:29:12 (12753 turns).

Lanoc the Fighter (Demonspawn Wanderer)            Turns: 12753, Time: 00:29:12

HP:   -13/89 (90)   AC: 19    Str: 20    XL:     11   Next: 1%
MP:   12/12         EV: 13    Int: 15    God:    Ru [***...]
Gold: 449           SH:  0    Dex: 14    Spells: 11/12 levels left

rFire   . . .      SeeInvis .    a - +6 dagger (chaos)
rCold   . . .      Faith    .    (no shield)
rNeg    . . .      Spirit   .    C - +3 chain mail
rPois   .          Reflect  .    (no helmet)
rElec   .          Harm     .    O - +0 cloak {Will+}
rCorr   .          Rampage  .    (no gloves)
Will    +....                    (no boots)
Stlth   ..........               (no amulet)
HPRegen 0.00/turn                f - +4 ring of protection
MPRegen 0.26/turn                r - +6 ring of strength

@: inhibited regen, lightly drained, unable to drink
A: claws 2, repulsion field 1, foul stench 2, inhibited regeneration, magic
regeneration, inability to drink after injury 2, no ice magic, no summoning
magic, no transmutations magic
a: Renounce Religion, Draw Out Power


You were on level 10 of the Dungeon.
You worshipped Ru.
Ru was most pleased with you.
You visited 1 branch of the dungeon, and saw 10 of its levels.
You also visited: Ossuary.

You collected 449 gold pieces.

Inventory:

Hand Weapons
 a - a +6 dagger of chaos (weapon)
 b - a +3 sling
 J - a +3 scimitar
Missiles
 u - a throwing net (quivered)
 B - 39 poisoned darts
 G - 2 curare-tipped darts
Armour
 g - a scarf of resistance
 C - a +3 chain mail (worn)
 H - an orb of guile
 O - a +0 cloak of willpower (worn)
Jewellery
 f - a +4 ring of protection (left claw)
 r - a +6 ring of strength (right claw)
Wands
 v - a wand of flame (21)
 E - a wand of charming (4)
 F - a wand of polymorph (9)
 N - a wand of iceblast (4)
Scrolls
 k - 2 scrolls of magic mapping
 l - 2 scrolls of enchant weapon
 m - a scroll of summoning
 n - a scroll of torment
 q - 2 scrolls of enchant armour
 w - 2 scrolls of immolation
 x - 4 scrolls of teleportation
 y - a scroll of blinking
 A - 3 scrolls of amnesia
 I - a scroll of fear
 K - 2 scrolls of vulnerability
 L - 3 scrolls of fog
Potions
 c - 3 potions of resistance
 d - 3 potions of attraction
 e - 4 potions of might
 h - 2 potions of lignification
 i - 4 potions of mutation
 j - 3 potions of haste {unknown}
 o - 2 potions of brilliance
 p - 2 potions of flight
 s - 8 potions of curing
 z - 3 potions of magic
 D - 3 potions of ambrosia
 M - a potion of heal wounds


   Skills:
 + Level 10.1 Fighting
 - Level 3.6 Throwing
 + Level 9.2 Armour
 + Level 9.0 Dodging
 - Level 1.0 Spellcasting
 - Level 1.0 Translocations


You had 11 spell levels left.
You knew the following spells:

 Your Spells              Type           Power      Damage    Failure   Level
a - Apportation           Tloc           6%         N/A       77%         1

Your spell library contained the following spells:

 Spells                   Type           Power      Damage    Failure   Level
 Cigotuvi's Dreadful Rot  Necr/Pois/Air  0%         N/A       95%         2
 Sublimation of Blood     Necr           0%         N/A       95%         2
 Kindle Blastsparks       Fire/Tloc/Air  2%         2d10      99%         3
 Portal Projectile        Hex/Tloc       4%         N/A       99%         3
 Swiftness                Air            0%         N/A       99%         3
 Tukima's Dance           Hex            0%         N/A       99%         3
 Dispel Undead            Necr           0%         3d6       100%        4
 Death Channel            Necr           0%         N/A       100%        6
 Ensorcelled Hibernation  Hex/Ice        Unusable   N/A       N/A         2
 Passwall                 Tmut/Erth      Unusable   N/A       N/A         2
 Wereblood                Tmut           Unusable   N/A       N/A         2
 Blade Hands              Tmut           Unusable   N/A       N/A         5
 Summon Hydra             Summ           Unusable   N/A       N/A         7

Dungeon Overview and Level Annotations

Branches:
Dungeon (10/15)            Temple (0/1) D:7            Lair (0/5) D:9
Ossuary (visited)
    Orc: D:9-12

Altars:
Dithmenos
Fedhas
Gozag
Qazlal
Ru
Trog
Vehumet
Wu Jian

Shops:
D:3 *   D:7 *

Annotations:
D:7 3 runed translucent doors, ma3's ghost, novice DjHW


Innate Abilities, Weirdness & Mutations

You have very sharp fingernails.
You are surrounded by a mild repulsion field. (EV +2)
You sometimes emit foul miasma when damaged in melee.
You do not regenerate when monsters are visible.
You regenerate magic rapidly.
You sometimes lose the ability to drink potions when taking damage.
You cannot study or cast Ice magic.
You cannot study or cast Summoning magic.
You cannot study or cast Transmutations magic.


Message History

You hit the gargoyle but do no damage. You claw the gargoyle!
The gargoyle is severely damaged.
The gargoyle hits you with a +1 mace of protection.
* * * LOW HITPOINT WARNING * * *
You focus your inner power and illuminate the gargoyle in retribution!
You hit the gargoyle but do no damage.
The gargoyle is severely damaged.
The gargoyle stops glowing.
The gargoyle misses you.
You hit the gargoyle but do no damage.
The gargoyle is severely damaged.
The gargoyle hurls a stone arrow at you.
The stone arrow misses you.
You barely miss the gargoyle.
The gargoyle is severely damaged.
The gargoyle hits you but does no damage.
You hit the gargoyle but do no damage.
The gargoyle is severely damaged.
The gargoyle hits you but does no damage.
The yak gores you but does no damage.
You hit the gargoyle but do no damage.
The gargoyle is severely damaged.
The gargoyle hurls a stone arrow at you.
The stone arrow hits you but does no damage.
The yak gores you.
* * * LOW HITPOINT WARNING * * *
You hit the gargoyle but do no damage.
The gargoyle seems to speed up.
The gargoyle is severely damaged.
The gargoyle hits you with a +1 mace of protection.
* * * LOW HITPOINT WARNING * * *
The yak gores you but does no damage. The gargoyle misses you.
The gargoyle hurls a stone arrow at you.
The stone arrow hits you.
* * * LOW HITPOINT WARNING * * *
You hit the gargoyle.
The gargoyle is severely damaged.
The gargoyle hurls a stone arrow at you.
The stone arrow hits you!!
You feel threatened and lose the ability to drink potions!
You die...

#..# #.# #..# # #..# #.# #..# #
#..# #.# #..# # #..# #.# #..# #
#..# #.# #..# # #..# #.# #))# #
#..# #.# #).# #
#######..#########.#####).#######
................@9Y......>.......
#################################


You could see a yak and a gargoyle (fast).

Vanquished Creatures
  2 two-headed ogres
  Maurice (D:8)
  Maggie (D:10)
  3 kobold demonologists (D:10)
  6 yaks
  A wyvern (D:8)
  2 steam dragons
  A water moccasin (D:6)
  3 orc warriors
  An ice beast (D:7)
  A black bear (D:4)
  3 ogres
  3 centaurs
  2 kobold brigands (D:10)
  5 bullfrogs
  A necrophage (D:8)
  A gnoll sergeant (D:10)
  6 scorpions
  21 wights
  2 howler monkeys (D:9)
  A centaur zombie (Ossuary)
  5 hounds
  A human zombie (Ossuary)
  6 orc priests
  3 jellies
  4 iguanas
  Ijyb (D:3)
  6 orc wizards
  4 mummies
  Robin (D:2)
  An adder (D:5)
  11 gnolls
  2 shadow imps
  A white imp (D:7)
  A worm (D:2)
  2 dart slugs
  19 orcs
  9 endoplasms
  2 giant cockroaches
  12 goblins
  11 hobgoblins
  A jackal (D:4)
  13 kobolds
  7 quokkas
  7 ball pythons
  2 bats (D:1)
  5 frilled lizards (D:1)
  A gnoll zombie (Ossuary)
  A goblin zombie (Ossuary)
  A hobgoblin zombie (Ossuary)
  A kobold zombie (D:7)
  4 orc zombies
  3 rats
215 creatures vanquished.

Vanquished Creatures (collateral kills)
  A centaur (D:9)
  A wight (D:7)
2 creatures vanquished.

Vanquished Creatures (others)
  A kobold brigand (D:10)
  A scorpion (D:3)
  A wight (D:8)
  A mummy (Ossuary)
  A kobold (D:10)
  6 plants
11 creatures vanquished.

Grand Total: 228 creatures vanquished

Notes
Turn   | Place    | Note
-------+----------+-------------------------------------------
     0 | D:1      | Lanoc the Demonspawn Wanderer began the quest for the Orb.
     0 | D:1      | Lanoc set off with the following items: a +2 dagger, 4
                  | curare-tipped darts, a +0 scale mail, a potion of
                  | attraction; and the following spell memorised: Apportation;
                  | and the following spells available to memorise: Kindle
                  | Blastsparks.
     0 | D:1      | Reached XP level 1. HP: 16/16 MP: 2/2
   116 | D:1      | Gained mutation: You may rarely emit foul miasma when
                  | damaged in melee. [demonic ancestry]
   116 | D:1      | Reached XP level 2. HP: 17/22 MP: 3/3
   295 | D:1      | Reached skill level 1 in Dodging
   543 | D:1      | Reached XP level 3. HP: 27/28 MP: 4/4
  1546 | D:2      | Noticed Robin
  1594 | D:2      | Killed Robin
  1595 | D:2      | Reached skill level 3 in Fighting
  1595 | D:2      | Gained mutation: You regenerate magic rapidly. [demonic
                  | ancestry]
  1595 | D:2      | Reached XP level 4. HP: 15/35 MP: 5/5
  1791 | D:2      | Found a faded altar of an unknown god.
  1802 | D:2      | Prayed at the altar of an unknown god.
  1802 | D:2      | Became a worshipper of Ru the Awakened
  1808 | D:2      | Gained mutation: You cannot study or cast Ice magic. [Ru
                  | sacrifice]
  1808 | D:2      | Gained mutation: You cannot study or cast Transmutations
                  | magic. [Ru sacrifice]
  1808 | D:2      | Gained mutation: You cannot study or cast Summoning magic.
                  | [Ru sacrifice]
  1808 | D:2      | Reached * piety under Ru
  1978 | D:3      | Found Tooq's General Store.
  2299 | D:3      | Reached XP level 5. HP: 16/41 MP: 6/6
  2610 | D:3      | Noticed Ijyb
  2635 | D:3      | Killed Ijyb
  3253 | D:4      | Reached skill level 4 in Fighting
  3253 | D:4      | Reached XP level 6. HP: 5/48 MP: 7/7
  3590 | D:4      | Found a sacrificial altar of Ru.
  4264 | D:5      | Entered Level 5 of the Dungeon
  4278 | D:4      | Gained mutation: You have sharp fingernails. [demonic
                  | ancestry]
  4278 | D:4      | Reached XP level 7. HP: 53/55 MP: 8/8
  4791 | D:5      | Reached skill level 5 in Fighting
  4869 | D:5      | Found a radiant altar of Vehumet.
  4961 | D:5      | Found an ornate altar of the Wu Jian Council.
  4967 | D:5      | Found a stormy altar of Qazlal.
  5082 | D:5      | Found an opulent altar of Gozag.
  5137 | D:5      | Found a shadowy altar of Dithmenos.
  5577 | D:6      | Reached skill level 5 in Armour
  5585 | D:6      | Reached XP level 8. HP: 33/64 MP: 9/9
  5747 | D:6      | Reached skill level 6 in Fighting
  5747 | D:6      | Reached skill level 5 in Dodging
  6776 | D:6      | Reached skill level 7 in Fighting
  6776 | D:6      | Gained mutation: You are surrounded by a mild repulsion
                  | field. (EV +2) [demonic ancestry]
  6776 | D:6      | Reached XP level 9. HP: 42/72 MP: 10/10
  7247 | D:7      | Noticed a two-headed ogre
  7254 | D:7      | Killed a two-headed ogre
  7337 | D:7      | Found a staircase to the Ecumenical Temple.
  7421 | D:7      | Found a sand-covered staircase.
  7434 | Ossuary  | Entered an ossuary
  7917 | D:7      | Reached skill level 8 in Fighting
  8231 | D:7      | Found a bloodstained altar of Trog.
  8684 | D:7      | Found a runed translucent gate.
  8684 | D:7      | Noticed ma3's ghost (novice DjHW)
  8686 | D:7      | Found a runed translucent gate.
  8687 | D:7      | Found a runed translucent gate.
  8688 | D:7      | Noticed a kobold demonologist
  8721 | D:7      | Found Hoad's General Store.
  8838 | D:8      | Noticed Maurice
  8856 | D:8      | Killed Maurice
  9047 | D:8      | Gained mutation: You occasionally lose the ability to drink
                  | potions when taking damage. [Ru sacrifice]
  9047 | D:8      | Gained mutation: You sometimes lose the ability to drink
                  | potions when taking damage. [Ru sacrifice]
  9047 | D:8      | Reached ** piety under Ru
  9309 | D:8      | Gained mutation: You have very sharp fingernails. [demonic
                  | ancestry]
  9309 | D:8      | Reached XP level 10. HP: 78/82 MP: 11/11
 10190 | D:9      | Found a blossoming altar of Fedhas.
 10481 | D:9      | Noticed a two-headed ogre
 11058 | D:9      | Reached skill level 9 in Fighting
 11229 | D:9      | Found a staircase to the Lair.
 11418 | D:9      | Noticed a two-headed ogre
 11444 | D:9      | Killed a two-headed ogre
 11750 | D:10     | Entered Level 10 of the Dungeon
 12075 | D:10     | Noticed a rust devil
 12110 | D:10     | Noticed an orange demon
 12417 | D:10     | Gained mutation: You do not regenerate when monsters are
                  | visible. [Ru sacrifice]
 12417 | D:10     | Reached *** piety under Ru
 12526 | D:10     | Noticed a gargoyle
 12556 | D:10     | Reached skill level 10 in Fighting
 12560 | D:10     | Noticed Maggie
 12596 | D:10     | Killed Maggie
 12597 | D:10     | Gained mutation: You sometimes emit foul miasma when
                  | damaged in melee. [demonic ancestry]
 12597 | D:10     | Reached XP level 11. HP: 31/89 MP: 12/12
 12599 | D:10     | HP: 2/89 [something (17)]
 12753 | D:10     | Killed from afar by a gargoyle

Illustrated notes

Levels and vault maps discovered:
D:1:      kennysheep_arrival_forest, layout_loops_ring, minmay_tetromino_s2
D:2:      layout_basic, dreamdust_ecumenical_altar_angels_and_demons, uniq_robin
D:3:      layout_basic, serial_shops, nicolae_shop_advertising_works
          [nicolae_subvault_shop_adworks], uniq_ijyb
D:4:      layout_cave_pods, mainiacjoe_overflow_small_starburst,
          minmay_misc_feat_chi, serial_bayou_lagoon_a,
          minmay_fractal_squares_gapless_5
D:5:      layout_cave_pools, vehumet_crystals, minmay_overflow_temple_star_quad,
          mainiacjoe_overflow_alcove_2, serial_column_ruins, column_ruins_hut,
          column_ruins_hut, column_ruins_grid_3, column_ruins_open_small,
          column_ruins_columns_corner, column_ruins_corridor_straight,
          column_ruins_grid_1, serial_bayou_lagoon_b
D:6:      layout_loops_corners, hangedman_abyss_or_decor_stagger
D:7:      layout_gridville, trog_butcher_becter, minmay_temple_entry_arrows,
          nicolae_ossuary_entry_giza, serial_shops, shop,
          gammafunk_ghost_nasty_kobolds
D:8:      layout_layer_cave, uniq_maurice
D:9:      layout_irregular_city, mainiacjoe_overflow_cross_hatched,
          grunt_lair_entry_orc_guard_hut
D:10:     layout_long_grid, mainiacjoe_overflow_tiny_flanked, uniq_maggie,
          uniq_nergalle

Skill      XL: |  1  2  3  4  5  6  7  8  9 10 |
---------------+-------------------------------+-----
Armour         | 2 3 4 5 6 7 9 |  9.2
Dodging        | 1 2 3 4 6 7 9 |  9.0
Fighting       | 3 4 5 7 8 10 | 10.1
Throwing       | |  3.6
Spellcasting   | |  1.0
Translocations | |  1.0

Action                   |  1- 3 |  4- 6 |  7- 9 | 10-12 || total
-------------------------+-------+-------+-------+-------++-------
Melee: Dagger            |   196 |   172 |   578 |   383 ||  1329
       Punch             |     2 |       |     9 |     6 ||    17
       Unarmed           |       |       |    10 |       ||    10
 Fire: Sling             |       |    52 |    44 |       ||    96
Throw: Dart              |     2 |     9 |     4 |     6 ||    21
Invok: Sacrifice Arcana  |       |     1 |       |       ||     1
       Reject Sacrifices |       |       |     1 |       ||     1
       Sacrifice Drink   |       |       |     1 |       ||     1
       Draw Out Power    |       |       |       |     1 ||     1
       Sacrifice Purity  |       |       |       |     1 ||     1
Evoke: Wand              |       |       |     6 |     3 ||     9
  Use: Scroll            |       |       |    21 |     6 ||    27
 Stab: Distracted        |       |       |     2 |     1 ||     3
       Confused          |       |       |       |     1 ||     1
       Invisible         |       |       |       |     1 ||     1
       Petrifying        |       |       |       |     1 ||     1
Armor: Scale mail        |    96 |    72 |     6 |       ||   174
       Chain mail        |       |       |   331 |   143 ||   474
       Skin              |       |       |     1 |       ||     1
Dodge: Dodged            |    67 |    86 |   303 |   203 ||   659

Table legend: (Time is in decaauts)
 A = Elapsed time spent in this place.
 B = Non-inter-level travel time spent in this place.
 C = Inter-level travel time spent in this place.
 D = Time resting spent in this place.
 E = Time spent auto-exploring this place.
 F = Levels seen in this place.
 G = Mean time per level.
                   A        B        C        D        E       F      G
               +--------+--------+--------+--------+--------+-----+--------+
         Total |  12815 |  12461 |    354 |    687 |   8981 |  11 | 1165.0 |
       Dungeon |  12567 |  12213 |    354 |    687 |   8853 |  10 | 1256.7 |
       Ossuary |    247 |    247 |      0 |      0 |    128 |   1 |  247.0 |
               +--------+--------+--------+--------+--------+-----+--------+

Top non-repeatable levels by time:
     D:6: 1676 daAuts
     D:9: 1556 daAuts
     D:8: 1455 daAuts
     D:7: 1316 daAuts
     D:3: 1266 daAuts
     D:5: 1247 daAuts
     D:4: 1108 daAuts
    D:10: 1002 daAuts
     D:2: 998 daAuts
     D:1: 938 daAuts
 Ossuary: 247 daAuts
